 Dungeon Crawl Stone Soup version 0.27.1-1-g398f81649c (webtiles) character file.

Game seed: 12943615327019540599

42 Rickety the Sneak (level 3, -4/16 HPs)
             Began as a Spriggan Enchanter on Sept 11, 2021.
             Slain by a kobold (5 damage)
             ... on level 3 of the Dungeon.
             The game lasted 00:05:43 (2813 turns).

Rickety the Sneak (Spriggan Enchanter)              Turns: 2813, Time: 00:05:44

Health: -4/16      AC:  2    Str:  4    XL:     3   Next: 35%
Magic:  1/8        EV: 17    Int: 16    God:
Gold:   51         SH:  0    Dex: 16    Spells: 5/8 levels left

rFire    . . .     SeeInvis +   a - +1 dagger
rCold    . . .     Faith    .   (shield restricted)
rNeg     . . .     Spirit   .   b - +0 robe
rPois    .         Reflect  .   (helmet restricted)
rElec    .         Harm     .   (no cloak)
rCorr    .         Rampage  .   (gloves unavailable)
Will     .....                  (boots unavailable)
Stlth    ++........             (no amulet)
HPRegen  0.05/turn              (no ring)
MPRegen  0.11/turn              (no ring)

@: slow
A: very small, no large weapons, unfitting armour, see invisible, speed 3
a: no special abilities


You were on level 3 of the Dungeon.
You visited 1 branch of the dungeon, and saw 3 of its levels.

You collected 51 gold pieces.

Inventory:

Hand Weapons
 a - a +1 dagger (weapon)
Armour
 b - a +0 robe (worn)
Jewellery
 g - a ring of fire
Scrolls
 e - 5 scrolls of identify {unknown}
 f - a scroll of fog {unknown}
 i - a scroll of amnesia {unknown}
Potions
 c - 2 potions of curing {unknown}
 d - a potion of invisibility {unknown}
 h - a potion of cancellation {unknown}


   Skills:
 + Level 1.1 Short Blades
 + Level 2.9 Dodging
 * Level 5.0 Stealth
 + Level 3.1 Spellcasting
 + Level 4.2 Hexes
 + Level 1.0 Ice Magic


You had 5 spell levels left.
You knew the following spells:

 Your Spells              Type           Power      Damage    Failure   Level
a - Corona                Hex            17%        N/A       3%          1
b - Ensorcelled Hibernat  Hex/Ice        22%        N/A       10%         2

Your spell library contained the following spells:

 Spells                   Type           Power      Damage    Failure   Level
 Confusing Touch          Hex            16%        N/A       10%         3
 Tukima's Dance           Hex            16%        N/A       10%         3
 Freeze                   Ice            20%        1d4       12%         1
 Magic Dart               Conj           8%         1d3       19%         1
 Dazzling Flash           Conj/Hex       18%        N/A       24%         3
 Searing Ray              Conj           4%         3d3       28%         2
 Frozen Ramparts          Ice            10%        1d3       34%         3
 Fulminant Prism          Conj/Hex       4%         3d6       61%         4
 Hailstorm                Conj/Ice       4%         3d4       83%         4


Dungeon Overview and Level Annotations

Branches:
Dungeon (3/15)

Altars:
Qazlal
Xom
Zin

Shops:
D:2 *

Annotations:
D:3 2 transporters, Icepheonix32's ghost, amateur KoWr


Innate Abilities, Weirdness & Mutations

You are very small and have problems with some larger weapons.
You are too small for most types of armour.
You have supernaturally acute eyesight. (SInv)
You cover ground extremely quickly. (Speed+++)


Message History

Aiming: Corona (safe; 3% risk of failure)
Press: ? - help, Shift-Dir - straight line, f/p - worm
Aim: a worm (lightly wounded, chance to affect: 62%)
The worm struggles to resist.
The kobold hits you but does no damage.
Your magical contamination has completely faded away.
Your unstable footing causes you to fumble your attack.
The kobold hits you with a +0 short sword.
The worm misses you.
Casting: Corona (safe; 3% risk of failure)
Confirm with . or Enter, or press ? or * to list all spells.
Aiming: Corona (safe; 3% risk of failure)
Press: ? - help, Shift-Dir - straight line, f/p - worm
Aim: a worm (lightly wounded, chance to affect: 62%)
The worm is outlined in light.
The kobold closely misses you.
You hit the worm.
The worm is lightly wounded.
The kobold completely misses you. The worm barely misses you.
You hit the worm but do no damage.
The worm is lightly wounded.
The kobold barely misses you.
You hit the worm but do no damage.
The worm is lightly wounded.
The worm bites you. The kobold closely misses you.
You hit the worm but do no damage.
The worm is lightly wounded.
The kobold hits you with a +0 short sword.
* * * LOW HITPOINT WARNING * * *
The worm bites you but does no damage.
You hit the worm.
The worm is lightly wounded.
The kobold splashes around in the water.
You hit the worm but do no damage.
The worm is lightly wounded.
The worm misses you.
The kobold splashes around in the water.
You hit the worm but do no damage.
The worm is lightly wounded.
The worm stops glowing.
The kobold hits you with a +0 short sword.
You die...

.. ... ....
##+##+##+#
.....######.........
.........##.........
###...?S##....^....
).......JK..†######.
.##########.........
#w@KJS≈≈≈#.........
#≈########..........
# ##.........
#.........
#.........
#.........
#.......>.
#.........
##.........


You could see a worm, an adder, an endoplasm and a kobold.

Vanquished Creatures
  An adder (D:3)
  A worm (D:3)
  An orc (D:3)
  3 bats (D:1)
  5 endoplasms (D:1)
  A goblin (D:1)
  A hobgoblin (D:1)
  4 quokkas (D:1)
  5 ball pythons
  3 frilled lizards (D:1)
  2 kobolds
27 creatures vanquished.

Notes
Turn   | Place    | Note
-------+----------+-------------------------------------------
     0 | D:1      | Rickety the Spriggan Enchanter began the quest for the Orb.
     0 | D:1      | Reached XP level 1. HP: 9/9 MP: 5/5
  1213 | D:1      | Reached XP level 2. HP: 10/13 MP: 4/6
  1262 | D:1      | Learned a level 2 spell: Ensorcelled Hibernation
  2212 | D:2      | Found Kisiyny's Assorted Antiques.
  2312 | D:2      | You fall into a shaft and drop 1 floor!
  2321 | D:3      | Found a stormy altar of Qazlal.
  2458 | D:3      | Reached skill level 5 in Stealth
  2458 | D:3      | Reached XP level 3. HP: 16/16 MP: 8/8
  2478 | D:3      | Noticed an angel
  2481 | D:3      | Found a glowing silver altar of Zin.
  2482 | D:3      | Found a shimmering altar of Xom.
  2690 | D:3      | Found a transporter.
  2690 | D:3      | Noticed Icepheonix32's ghost (amateur KoWr)
  2693 | D:3      | Found a transporter.
  2772 | D:3      | Reached skill level 1 in Ice Magic
  2813 | D:3      | Slain by a kobold

Illustrated notes

Levels and vault maps discovered:
D:1:      minmay_arrival_arboretum_small, layout_basic, st_stairs_3
D:2:      layout_loops_ring, serial_shops, shop,
          hellmonk_ecumenical_altar_run_dry, basic_altar, minmay_between,
          uniq_terence
D:3:      wander_river, layout_basic, grunt_temple_overflow_order_and_chaos_1,
          mainiacjoe_overflow_24_doors, gammafunk_ghost_arena,
          gup_sewer_entry_spiral, corexii_shack

Skill      XL: |  1  2  3 |
---------------+----------+-----
Hexes          | 4 |  4.2
Spellcasting   | 3 |  3.1
Stealth        | 5 |  5.0
Ice Magic      | 1 |  1.0
Short Blades   | |  1.1
Dodging        | |  2.9

Action                   || total
-------------------------++-------
Melee: Dagger            ||    92
 Cast: Corona            ||    14
       Ensorcelled Hiber ||    18
 Stab: Sleeping          ||    18
Armor: Robe              ||     9
Dodge: Dodged            ||    69
